 Dungeon Crawl Stone Soup version 0.17-a0-1850-g688e747 (webtiles) character file.

294106 achirane the Warrior (level 20, 0/195 HPs)
             Began as a Green Draconian Transmuter on Sept 18, 2015.
             Was the Champion of Ru.
             Killed from afar by an ice dragon (53 damage)
             ... with a blast of cold
             ... on level 4 of the Vaults on Sept 19, 2015.
             The game lasted 08:16:48 (67848 turns).

achirane the Warrior (Green Draconian Transmuter)  Turns: 67848, Time: 08:16:48

Health: 0/195      AC: 13    Str: 19    XL:     20   Next: 36%
Magic:  20/24      EV: 26    Int: 18    God:    Ru [******]
Gold:   4042       SH:  0    Dex: 23    Spells: 4 memorised, 12 levels left

rFire  + + .     SeeInvis .       - Unarmed
rCold  . . .     Clarity  .     (armour unavailable)
rNeg   . . .     SustAt   .     (shield currently unavailable)
rPois  +         Gourm    +     R - +0 hat of Vanity {rF+}
rElec  .         Spirit   .     Y - +0 cloak of Caiviapt {rF+}
rCorr  .         Warding  .     (gloves currently unavailable)
rMut   .         Stasis   .     y - +1 pair of boots
MR     +++..                    a - amulet of Ydekhius {Gourm +Inv rPois Str+2}
Stlth  ..........               L - ring "Xiazaecyko" {rPois MR+ Int+5 Dex+4}
                                C - ring of Malolui {MR+ Str+2 Slay+5}

@: blade hands, very slightly contaminated, drained, extremely resistant to
hostile enchantments, extremely unstealthy
A: breathe noxious fumes, unfitting armour, stinger 1, poison resistance,
screaming 2, cold-blooded, no stealth, hated by all, no air magic, no
conjurations magic, no hexes magic, slow reflexes 1, inexperienced 1, AC +10
a: Breathe Noxious Fumes, End Transformation, Draw Out Power, Power Leap,
Apocalypse, Renounce Religion, Evoke Invisibility
}: 1/15 runes: serpentine


You were on level 4 of the Vaults.
You worshipped Ru.
Ru was exalted by your worship.
You were full.
You had blades for hands.
You visited 7 branches of the dungeon, and saw 40 of its levels.
You also visited: Sewer, Ossuary and Ice Cave.

You collected 5033 gold pieces.
You spent 991 gold pieces at shops.

Inventory:

Hand weapons
 H - the +11 long sword of the Fool {slice, rC- Str+6}
   (You took it off a deep elf annihilator on level 3 of the Elven Halls)

   It inflicts extra damage upon your enemies.
   It affects your strength (+6).
   It makes you vulnerable to cold.
 T - a +0 blowgun
   (You took it off a kobold on level 8 of the Dungeon)
 U - a +2 hunting sling of freezing (melded)
   (You found it on level 8 of the Lair of Beasts)
Missiles
 o - 7 curare-tipped needles
 M - 7 needles of slowing
 O - 116 sling bullets
 P - 84 poisoned needles
 W - 5 needles of confusion
Armour
 i - the +0 pair of gloves of Freedom (melded) {rElec SInv}
   (You acquired it on level 1 of the Lair of Beasts)

   It insulates you from electricity.
   It lets you see invisible.
 y - a +1 pair of boots (worn)
   (You found it on level 8 of the Lair of Beasts)
 K - a +2 buckler (melded)
   (You took it off a deep elf fighter on level 2 of the Vaults)
 R - the +0 hat of Vanity (worn) {rF+}
   (You found it on level 2 of the Vaults)

   It protects you from fire.
 Y - the +0 cloak of Caiviapt (worn) {rF+}
   (You acquired it on level 14 of the Dungeon)

   It protects you from fire.
Rods
 Z - a +0 rod of clouds (9/9) {!a}
   (You took it off an ironheart preserver on level 2 of the Vaults)
Jewellery
 a - the amulet of Ydekhius (around neck) {Gourm +Inv rPois Str+2}
   (You took it off a deep elf death mage on level 3 of the Elven Halls)

   [amulet of the gourmand]

   It allows you to eat raw meat even when not hungry.
   It affects your strength (+2).
   It protects you from poison.
   It lets you turn invisible.
 q - an uncursed amulet of regeneration {+regen, !d}
   (You took it off a deep elf annihilator on level 3 of the Elven Halls)
 t - an uncursed amulet of clarity {Clar, !d}
   (You found it on level 1 of the Lair of Beasts)
 u - an uncursed ring of protection from fire {rF+, !d}
   (You found it on level 3 of the Snake Pit)
 A - an uncursed ring of protection from cold {rC+, !d}
   (You found it on level 5 of the Lair of Beasts)
 C - the ring of Malolui (left scythe-like blade) {MR+ Str+2 Slay+5}
   (You took it off a deep elf death mage on level 3 of the Elven Halls)

   [ring of slaying]

   It affects your strength (+2).
   It affects your accuracy and damage with ranged weapons and melee attacks
   (+5).
   It affects your resistance to hostile enchantments.
 F - an uncursed amulet of stasis {Stasis, !d}
   (You took it off a deep elf high priest on level 3 of the Elven Halls)
 G - an uncursed ring of positive energy {rN+}
   (You took it off a deep elf priest on level 1 of the Elven Halls)
 L - the ring "Xiazaecyko" (right scythe-like blade) {rPois MR+ Int+5 Dex+4}
   (You found it on level 8 of the Dungeon)

   [ring of dexterity]

   It affects your intelligence (+5).
   It affects your dexterity (+4).
   It protects you from poison.
   It affects your resistance to hostile enchantments.
 N - the ring "Xyaruagi" {+Blink rC+ rN+ SInv Stlth-}
   (You took it off a deep elf priest on level 3 of the Elven Halls)

   [ring of protection from cold]

   It protects you from cold.
   It protects you from negative energy.
   It lets you see invisible.
   It lets you blink.
   It makes you less stealthy.
Magical devices
 l - a wand of fire (4)
   (You found it on level 8 of the Lair of Beasts)
 E - a wand of fire (9)
   (You found it on level 14 of the Dungeon)
 J - a wand of invisibility (5)
   (You found it on level 8 of the Dungeon)
 S - a wand of disintegration (7)
   (You found it on level 7 of the Dungeon)
 V - a wand of cold (7)
   (You found it on level 9 of the Dungeon)
Scrolls
 b - 4 scrolls of fear
 d - 3 scrolls of silence
 g - 8 scrolls of magic mapping {!r}
 h - 7 scrolls of teleportation
 k - 20 scrolls of remove curse
 m - 3 scrolls of fog
 n - 2 scrolls of blinking {!r}
 D - 9 scrolls of identify
 I - a scroll of holy word {!r}
 Q - 2 scrolls of recharging
Potions
 e - a potion of haste
 j - 11 potions of curing
 p - 3 potions of invisibility
 v - 2 potions of agility
 w - 2 potions of resistance
 x - 9 potions of flight
 z - 3 potions of heal wounds
 B - 5 potions of berserk rage {!q}
 X - 4 potions of might
Comestibles
 c - 29 bread rations {@e1}
 r - 3 beef jerkies
 s - 2 meat rations {@e2}


   Skills:
 - Level 20.8(20.6) Fighting
 + Level 16.5(16.2) Dodging
 - Level 6.4(6.2) Shields
 - Level 19.9(19.6) Unarmed Combat
 + Level 3.1(3.0) Spellcasting
 - Level 9.0(8.8) Charms
 - Level 13.0(12.8) Transmutations
 - Level 6.4(6.2) Ice Magic


You had 12 spell levels left.
You knew the following spells:

 Your Spells              Type           Power        Failure   Level  Hunger
a - Beastly Appendage     Trmt           #####.       8%          1    None
b - Ice Form              Ice/Trmt       #####...     28%         4    ####...
x - Blade Hands           Trmt           #####.....   24%         5    ######.
A - Ozocubu's Armour      Chrm/Ice       ####....     24%         3    ###....


Dungeon Overview and Level Annotations

Branches:
Dungeon (15/15)            Temple (0/1) D:6            Lair (8/8) D:11
  Swamp (0/4) Lair:5        Snake (4/4) Lair:3        Slime (0/6) Lair:8
    Orc (4/4) D:9             Elf (3/3) Orc:4        Vaults (4/5) D:13
  Crypt (0/3) Vaults:3     Depths (2/5) D:15

Altars:
Cheibriados
Fedhas
Gozag
Kikubaaqudgha
Nemelex Xobeh
Ru
Trog
Vehumet
Xom
Zin
Beogh

Shops:
D:4 [%(?   D:6 *   D:7 (   Orc:1 (   Orc:4 ([**   Elf:3 (=[[%   Vaults:1 ?%*??
Vaults:3 *

Annotations:
D:5 4thArraOfDagon's ghost, average VSBe
D:11 exclusion: orange crystal statue
D:13 exclusion: door
Lair:2 MikeDS's ghost, powerful TrBe
Elf:2 5 runed doors
Depths:1 exclusion: obsidian statue


Innate Abilities, Weirdness & Mutations

You can breathe blasts of noxious fumes.
Your lurid green scales are hard (AC +10).
Your body does not fit into most forms of armour.
Your tail ends in a poisonous barb.
Your system is resistant to poisons.
You sometimes yell uncontrollably at your foes.
You are cold-blooded and may be slowed by cold attacks.
You cannot be stealthy.
You are hated by all.
You cannot study or cast Air magic.
You cannot study or cast Conjurations magic.
You cannot study or cast Hexes magic.
You have somewhat slow reflexes. (-3 EV)
You are somewhat inexperienced (-2 XL).


Message History

Really read
n - 3 scrolls of blinking {!r}?
Blink to where?
Press: ? - help, Dir - move target cursor You are very lightly contaminated with residual magic.
As you read the scroll of blinking {!r}, it crumbles to dust.
A centaur warrior comes into view.
The centaur warrior shouts!
The centaur warrior wields a shortbow.
The centaur warrior shoots an arrow of dispersal.
The arrow of dispersal hits you!
* * * LOW HITPOINT WARNING * * *
You blink.
A vault sentinel comes into view.
It is wielding a war axe of electrocution.
You take 10 damage, and have 40/195 hp.
Read which item? (? for menu, Esc to quit)
Really read
g - 9 scrolls of magic mapping {!r}?
As you read the scroll of magic mapping {!r}, it crumbles to dust.
You feel aware of your surroundings.
You redirect the vault sentinel's attack!
Use which ability?
You are restored by drawing out deep reserves of power within.
You feel drained.
Your transformation is almost over.
The vault sentinel blows a loud note on a signal horn!
You hear a shout! x3
You regained 42 hp, and now have 83/195 hp.
MP restored: 24 You barely miss the vault sentinel.
Your slash misses the vault sentinel.
The vault sentinel gestures at you while chanting.
You resist with some effort.
You slice the vault sentinel!!
Your tail-slap misses the vault sentinel.
The vault sentinel is severely wounded.
You barely miss the vault sentinel. You tail-slap the vault sentinel.
The vault sentinel is poisoned.
The vault sentinel is severely wounded.
The vault sentinel hits you with a war axe of electrocution!
You focus your will and paralyse the vault sentinel in retribution!
You take 9 damage, and have 75/195 hp.
The helpless vault sentinel fails to defend itself.
You shred the vault sentinel!!!
You kill the vault sentinel!
Your base Spellcasting skill increases to level 3!
The centaur warrior shoots an arrow of dispersal.
The arrow of dispersal hits you but does no damage.
The centaur warrior unwields an uncursed shortbow.
The centaur warrior misses you.
Things that are here:
a war axe of electrocution; a ring mail; a scroll of identify You shred the centaur warrior!!!
You tail-slap the centaur warrior.
The centaur warrior is poisoned.
The centaur warrior is almost dead.
The centaur warrior hits you but does no damage.
You slash the centaur warrior!
You kill the centaur warrior!
Your hands revert to their normal proportions.
Your +2 hunting sling of freezing unmelds from your body.
The +0 pair of gloves of Freedom {rElec SInv} unmelds from your body.
Your +2 buckler unmelds from your body.
It is covered in frost.
There is an open door here.
A yaktaur captain comes into view.
You close the door.
The yaktaur captain wields a runed arbalest.
It is covered in frost.
The yaktaur captain shoots a bolt.
The bolt hits you. The bolt freezes you.
You feel yourself slow down.
You take 6 damage, and have 72/195 hp.
An ice dragon comes into view.
You feel less exhausted.
Casting: Blade Hands
Confirm with . or Enter, or press ? or * to list all spells.
Your hands turn into razor-sharp scythe blades.
Your +2 hunting sling of freezing melds into your body.
The +0 pair of gloves of Freedom {rElec SInv} melds into your body.
Your +2 buckler melds into your body.
Your +2 hunting sling of freezing stops glowing.
You feel yourself speed up.
The yaktaur captain unwields an uncursed arbalest of freezing.
The yaktaur captain hits you!!
* * * LOW HITPOINT WARNING * * *
You take 21 damage, and have 52/195 hp.
You now have 19/24 mp.
You shred the yaktaur captain!!! You tail-slap the yaktaur captain.
The yaktaur captain is poisoned.
You slash the yaktaur captain!
The yaktaur captain is almost dead.
The yaktaur captain closely misses you.
You hit the yaktaur captain. You slash the yaktaur captain.
You kill the yaktaur captain!
Things that are here:
an uncursed arbalest of freezing; 17 bolts; a yaktaur corpse You slice the ice dragon!!
Your tail-slap misses the ice dragon.
The ice dragon is moderately wounded.
The ice dragon barely misses you.
The ice dragon claws you but does no damage.
The ice dragon completely misses you.
You slash the ice dragon!
Your tail-slap misses the ice dragon.
The ice dragon is moderately wounded.
You slice the ice dragon!! Your slash misses the ice dragon.
The ice dragon is severely wounded.
The ice dragon breathes frost at you. The blast of cold hits you!
You die...

>,** *,,,,,,* #...'...#,,,*######
,** *,,,,,,* #####...#,,,* #. **
*,,,,,,* #....)..#,,,* #. ***
*,,,,,,* #....)..+,,,* #. ,,*
*,,,,,,* #.......#,,,* #.
,,****,,,,,,* ###+#####...* #.
,,,,**,,,,,,* #...(.......* #.
,,,,**,,,,,,* #.....(...!.* ##
,,,,********* #.@.........* ,,***
****#D####+#####******* ,,*
*,,...,**,,,,,,,,*,,,,,
***********.....,**,,,,,,,,*,,,,,
*,,,,,,,,#.....,**,,****,,*,,*,,
*,,,,,,,,#.....,**,,,,,*,,*,,*,,
*,,,,,,,,#.....,**,,,,,*,,*,,*,,
*,,,,,,,,'.....,*****,,*,,*,,*,,
*,,,,,,,,*,,,,,,**,,,,,*,,*,,*,,


You could see an ice dragon.

Vanquished Creatures
  Mara (Vaults:3)
  Sojobo (Vaults:2)
  Jorgrun (Vaults:3)
  2 deep elf master archers (Elf:3)
  2 deep elf blademasters (Elf:3)
  A sphinx (Vaults:3)
  Gastronok (Lair:3)
  A lich (Vaults:2)
  3 tengu reavers
  An ancient champion (Vaults:3)
  The ghost of Ajdolov the Brawler, a powerful TrMo of Jiyva (D:15)
  7 greater nagas
  6 vault wardens
  4 deep elf sorcerers
  Aizul (Elf:2)
  2 frost giants
  3 orc warlords
  A ghoul (Vaults:3)
  8 ironheart preservers
  3 stone giants
  A vampire knight (Depths:1)
  13 deep elf annihilators
  9 deep elf demonologists
  A salamander stormcaller (Vaults:2)
  Azrael (D:13)
  The ghost of cireshan the Eclecticist, a powerful DECj of Sif Muna (Snake:1)
  A crystal guardian (Vaults:2)
  6 deep elf death magi
  Snorg (Orc:2)
  An ettin (Depths:1)
  A deep elf high priest (Elf:3)
  A fire dragon (shapeshifter) (Vaults:2)
  5 yaktaur captains
  4 fire dragons
  A small abomination (Vaults:2)
  2 ice dragons
  A rakshasa (Vaults:2)
  An ice dragon (shapeshifter) (Vaults:1)
  10 anacondas
  19 naga warriors
  8 hydras
  Erica (Lair:2)
  Erolcha (D:11)
  9 centaur warriors
  A catoblepas (Lair:8)
  3 orc high priests (Orc:4)
  4 dancing weapons (Elf:2)
  A tengu warrior (Depths:1)
  5 shock serpents
  11 death yaks
  2 deep troll shamans
  13 ogre magi
  14 naga sharpshooters
  A deep troll earth mage (Vaults:3)
  Urug (Lair:3)
  A fire crab (Vaults:2)
  Nergalle (D:11)
  6 skeletal warriors
  3 salamander mystics
  17 deep elf knights
  A fire crab (shapeshifter) (Vaults:1)
  8 sea snakes (Snake:4)
  10 deep elf summoners
  2 lindwurms
  7 deep trolls
  2 unseen horrors
  3 ice statues (IceCv)
  9 naga ritualists
  10 mana vipers
  2 wizards (Vaults:2)
  8 ironbrand convokers
  A mana viper (shapeshifter) (Vaults:2)
  4 harpies (Vaults:3)
  12 deep elf conjurers
  5 orc sorcerers (Orc:4)
  5 hill giants
  15 orc knights
  A water nymph (shapeshifter) (Depths:1)
  An anubis guard (shapeshifter) (Vaults:4)
  An oklob plant (Lair:5)
  A hornet (Vaults:1)
  7 cyclopes
  33 ugly things
  2 wolf spiders
  An orb spider (shapeshifter) (Vaults:2)
  9 griffons
  A cyclops (shapeshifter) (Vaults:2)
  A hornet (shapeshifter) (D:8)
  9 salamanders
  An octopode (shapeshifter) (D:14)
  53 black mambas
  12 vault sentinels
  13 elephants
  Joseph (D:9)
  2 manticores
  15 spiny frogs
  2 gargoyles
  12 guardian serpents
  Psyche (D:8)
  20 naga magi
  36 yaktaurs
  3 kobold demonologists
  A komodo dragon (shapeshifter) (Vaults:3)
  12 komodo dragons
  2 tengu conjurers (Vaults:2)
  12 fire drakes
  7 deep elf priests
  A queen bee (D:10)
  5 trolls
  A jumping spider (Vaults:2)
  A blink frog (shapeshifter) (Vaults:3)
  4 polar bears
  7 boulder beetles
  5 freezing wraiths
  21 two-headed ogres
  21 slime creatures
  39 blink frogs
  A sphinx simulacrum (Vaults:3)
  A centaur simulacrum (D:14)
  2 trapdoor spiders
  5 redbacks
  2 water elementals (Depths:1)
  28 deep elf fighters
  11 wyverns
  A vampire (D:13)
  A hog (shapeshifter) (D:15)
  26 deep elf magi
  3 wraiths
  2 fire elementals (D:13)
  2 basilisks (Lair:8)
  18 hippogriffs
  3 hungry ghosts
  2 shadows
  A yak (shapeshifter) (D:15)
  3 vampire mosquitoes (Vaults:1)
  17 wargs
  58 yaks
  7 hell hounds
  Edmund (D:5)
  2 yaktaur simulacra (Vaults:2)
  13 wolves
  A soldier ant (shapeshifter) (Vaults:3)
  4 mottled dragons
  50 nagas
  21 water moccasins
  6 porcupines
  17 ice beasts
  An ice beast (shapeshifter) (Elf:3)
  3 black bears
  53 orc warriors
  5 sky beasts
  17 centaurs
  12 crocodiles
  3 eyes of draining
  5 boggarts (Vaults:2)
  A wasp (D:10)
  An eye of draining (shapeshifter) (Vaults:3)
  5 phantoms
  2 necrophages
  65 ogres
  6 big kobolds
  23 giant frogs
  11 scorpions
  2 gnoll sergeants (D:7)
  34 killer bees
  5 jellies
  An electric eel (Lair:7)
  2 centaur zombies
  5 crimson imps
  10 hounds
  5 human zombies (Ossuary)
  2 giant frog skeletons (D:13)
  2 giant frog zombies
  Crazy Yiuf (D:5)
  33 orc priests
  7 centaur skeletons
  11 iguanas
  2 lava snakes (D:13)
  A human simulacrum (Vaults:3)
  8 worker ants
  4 hell rats (Lair:7)
  38 orc wizards
  A killer bee zombie (D:7)
  3 big kobold zombies (Ossuary)
  11 sheep
  A hound skeleton (D:9)
  3 mummies (Ossuary)
  11 adders
  2 scorpion zombies (Ossuary)
  10 gnolls
  43 river rats
  5 shadow imps
  8 oozes
  An adder skeleton (D:4)
  5 giant geckos
  198 orcs
  5 giant cockroaches
  6 goblins
  8 hobgoblins
  5 jackals
  3 quokkas
  5 bats
  A giant gecko zombie (D:5)
  5 giant newts
  A gnoll zombie (Ossuary)
  2 goblin zombies (Ossuary)
  2 hobgoblin zombies (Ossuary)
  37 kobolds
  3 kobold zombies (Ossuary)
  An orc zombie (Ossuary)
  A quokka zombie (D:9)
  8 rats
  A rat zombie (D:5)
  A bush (Lair:1)
  A butterfly (Lair:7)
  2 crawling corpses
  A fire vortex (Vaults:2)
  A fungus (Lair:8)
  2 plants
1813 creatures vanquished.

Vanquished Creatures (collateral kills)
  A cyclops (Vaults:2)
  4 killer bees
5 creatures vanquished.

Vanquished Creatures (others)
  A salamander stormcaller (Vaults:2)
  A naga warrior (Snake:3)
  An ogre mage (Vaults:2)
  An anaconda (Snake:4)
  A shock serpent (Snake:2)
  A wizard (Vaults:1)
  An ugly thing (Vaults:2)
  A salamander (Snake:1)
  A fire drake (Lair:8)
  A yaktaur (Vaults:4)
  A two-headed ogre (Depths:1)
  A yak (Lair:8)
  A tarantella (Vaults:2)
  A yak (shapeshifter) (Vaults:3)
  A deep elf fighter (Vaults:2)
  A hippogriff (Lair:6)
  2 nagas
  A centaur (Vaults:3)
  A human (D:6)
  A killer bee (D:10)
  An ooze (Lair:8)
  An orc (D:14)
  A kobold (D:14)
  31 fungi
  10 plants
65 creatures vanquished.

Grand Total: 1883 creatures vanquished

Notes
Turn   | Place    | Note
--------------------------------------------------------------
     0 | D:1      | achirane the Draconian Transmuter began the quest for the Orb.
     0 | D:1      | Reached XP level 1. HP: 16/16 MP: 3/3
   271 | D:1      | Reached XP level 2. HP: 23/23 MP: 3/5
  1368 | D:2      | HP: 5/23 [poisoned by an adder]
  1376 | D:2      | Reached XP level 3. HP: 7/28 MP: 4/6
  1672 | D:2      | Reached skill level 3 in Transmutations
  1741 | D:2      | HP: 5/28 [kobold/whip (6)]
  1745 | D:2      | HP: 1/28 [kobold/whip (3)]
  2265 | D:2      | You fall through a shaft!
  2525 | D:3      | Reached XP level 4. HP: 35/35 MP: 7/7
  2527 | D:3      | Found a faded altar to an unknown god.
  2808 | D:3      | Found a blossoming altar of Fedhas.
  3049 | D:3      | Reached skill level 4 in Unarmed Combat
  3217 | D:3      | Found a snail-covered altar of Cheibriados.
  3311 | D:4      | Found Icoogawneys's Weapon Emporium.
  3470 | D:4      | Found a sand-covered staircase.
  3476 | Ossuary  | Entered an ossuary
  3518 | Ossuary  | Reached skill level 4 in Transmutations
  3518 | Ossuary  | Reached XP level 5. HP: 17/40 MP: 4/8
  4100 | Ossuary  | Reached skill level 5 in Unarmed Combat
  4100 | Ossuary  | Reached XP level 6. HP: 47/47 MP: 7/9
  4244 | Ossuary  | Reached skill level 5 in Transmutations
  4749 | Ossuary  | HP: 11/47 [scorpion (9)]
  4751 | Ossuary  | Your scales start taking on a lurid green colour.
  4751 | Ossuary  | Gained mutation: Your system is resistant to poisons. [Green Draconian growth]
  4751 | Ossuary  | Reached XP level 7. HP: 16/52 MP: 7/10
  4755 | Ossuary  | HP: 6/52 [human zombie (3)]
  4765 | Ossuary  | HP: 5/52 [human zombie (3)]
  5086 | Ossuary  | Reached skill level 6 in Unarmed Combat
  5138 | Ossuary  | Reached skill level 6 in Transmutations
  5558 | D:4      | Learned a level 5 spell: Blade Hands
  5586 | D:4      | Found Nolurec's Antique Armour Shoppe.
  5690 | D:4      | Reached skill level 7 in Transmutations
  5777 | D:4      | Found Dofad's Food Shoppe.
  5789 | D:4      | Found a shimmering altar of Xom.
  6112 | D:4      | Found Ziax's Magic Scroll Shoppe.
  6115 | D:4      | Bought a scroll of blinking for 97 gold pieces
  6115 | D:4      | Bought a scroll of identify for 26 gold pieces
  6127 | D:5      | Entered Level 5 of the Dungeon
  6147 | D:5      | Reached XP level 8. HP: 57/59 MP: 9/11
  6387 | D:5      | Noticed Edmund
  6439 | D:5      | Killed Edmund
  6439 | D:5      | Reached skill level 8 in Transmutations
  6684 | D:5      | Found a sacrificial altar of Ru.
  6696 | D:5      | Became a worshipper of Ru the Awakened
  6733 | D:5      | Found an ancient bone altar of Kikubaaqudgha.
  6930 | D:5      | Noticed 4thArraOfDagon's ghost (average VSBe)
  7062 | D:5      | Noticed Crazy Yiuf
  7086 | D:5      | Killed Crazy Yiuf
  7086 | D:5      | Reached skill level 9 in Transmutations
  7310 | D:6      | Found a staircase to the Ecumenical Temple.
  7437 | D:6      | Found Zin's Purification Station.
  7443 | D:6      | Found a glowing silver altar of Zin.
  7508 | D:6      | Reached skill level 10 in Transmutations
  7611 | D:6      | Found an ancient bone altar of Kikubaaqudgha.
  7616 | D:6      | Reached XP level 9. HP: 62/64 MP: 12/12
  7801 | D:6      | Found a glowing drain.
  7813 | Sewer    | Entered a sewer
  8021 | Sewer    | Gained mutation: You cannot be stealthy. [Ru sacrifice]
  8044 | Sewer    | Found a glowing silver altar of Zin.
  8650 | D:6      | Reached skill level 11 in Transmutations
  8889 | D:7      | Found an opulent altar of Gozag.
  8909 | D:7      | Found Gijieggu's Antique Weapon Boutique.
  9620 | D:7      | Reached skill level 12 in Transmutations
 10053 | D:7      | Reached XP level 10. HP: 70/72 MP: 13/13
 10105 | D:7      | Reached skill level 13 in Transmutations
 10166 | D:7      | Learned a level 4 spell: Ice Form
 10173 | D:8      | Reached skill level 1 in Ice Magic
 10284 | D:8      | Got a twitching marble ring
 10292 | D:8      | Reached skill level 2 in Ice Magic
 10295 | D:8      | Identified the ring "Xiazaecyko" {rPois MR+ Int+5 Dex+4} (You found it on level 8 of the Dungeon)
 10413 | D:8      | Noticed Psyche
 10430 | D:8      | Killed Psyche
 10430 | D:8      | Reached skill level 3 in Ice Magic
 10855 | D:8      | Reached skill level 4 in Ice Magic
 11018 | D:8      | Noticed a hornet
 11018 | D:8      | a spriggan baker changed into a hornet
 11025 | D:8      | Killed a hornet
 11025 | D:8      | Reached skill level 5 in Ice Magic
 11454 | D:8      | Reached skill level 6 in Ice Magic
 11791 | D:9      | Reached skill level 2 in Dodging
 11827 | D:9      | Noticed Joseph
 11842 | D:9      | Killed Joseph
 11842 | D:9      | Reached skill level 3 in Dodging
 12042 | D:9      | Reached skill level 4 in Dodging
 12175 | D:9      | Found a sparkling altar of Nemelex Xobeh.
 12262 | D:9      | Reached skill level 5 in Dodging
 12579 | D:9      | Reached XP level 11. HP: 78/78 MP: 14/14
 13143 | D:9      | Reached skill level 6 in Dodging
 13255 | D:9      | Found a staircase to the Orcish Mines.
 13897 | D:10     | Entered Level 10 of the Dungeon
 13913 | D:10     | Reached skill level 7 in Dodging
 14373 | D:10     | Noticed a hill giant
 14456 | D:10     | Killed a hill giant
 14582 | D:10     | Reached skill level 8 in Dodging
 14700 | D:10     | HP: 22/93 [killer bee (6)]
 14712 | D:10     | HP: 22/93 [killer bee (3)]
 14718 | D:10     | HP: 11/93 [poisoned by a killer bee]
 14723 | D:10     | HP: 10/93 [poisoned by a killer bee]
 14730 | D:10     | HP: 10/93 [poisoned by a killer bee]
 14738 | D:10     | HP: 10/93 [poisoned by a killer bee]
 15191 | D:10     | Reached skill level 9 in Dodging
 15772 | D:11     | Found a staircase to the Lair.
 15890 | D:11     | Noticed Nergalle
 15912 | D:11     | Killed Nergalle
 15912 | D:11     | Reached skill level 10 in Dodging
 16074 | D:11     | Noticed Erolcha
 16102 | D:11     | Killed Erolcha
 16264 | Lair:1   | Entered Level 1 of the Lair of Beasts
 16570 | Lair:1   | Reached XP level 12. HP: 84/84 MP: 10/15
 16863 | Lair:1   | Reached skill level 11 in Dodging
 18172 | Lair:2   | Noticed MikeDS's ghost (powerful TrBe)
 18416 | Lair:2   | Reached skill level 12 in Dodging
 18499 | Lair:2   | Noticed a four-headed hydra
 18511 | Lair:2   | Killed a four-headed hydra
 18598 | Lair:2   | Noticed a five-headed hydra
 18623 | Lair:2   | Killed a five-headed hydra
 19564 | Lair:2   | Reached skill level 13 in Dodging
 19769 | Lair:2   | Gained mutation: You cannot study or cast Air magic. [Ru sacrifice]
 19769 | Lair:2   | Gained mutation: You cannot study or cast Hexes magic. [Ru sacrifice]
 19769 | Lair:2   | Gained mutation: You cannot study or cast Conjurations magic. [Ru sacrifice]
 19769 | Lair:2   | Acquired Ru's first power
 19769 | Lair:2   | Acquired Ru's second power
 19907 | Lair:2   | Noticed Erica
 19930 | Lair:2   | Killed Erica
 20150 | Lair:3   | HP: 24/100 [spiny frog (6)]
 20150 | Lair:3   | HP: 11/100 [blink frog (13)]
 20161 | Lair:3   | Reached skill level 2 in Fighting
 20443 | Lair:3   | Noticed Urug
 20480 | Lair:3   | Killed Urug
 20543 | Lair:3   | Reached skill level 3 in Fighting
 21146 | Lair:3   | Noticed Gastronok
 21229 | Lair:3   | Killed Gastronok
 21229 | Lair:3   | Reached skill level 4 in Fighting
 21229 | Lair:3   | Reached XP level 13. HP: 67/99 MP: 16/16
 21511 | Lair:3   | Found a staircase to the Snake Pit.
 21540 | Lair:3   | Reached skill level 5 in Fighting
 22032 | Lair:3   | Reached skill level 14 in Dodging
 22165 | Lair:3   | Reached skill level 6 in Fighting
 22856 | Lair:4   | Reached skill level 7 in Fighting
 23721 | Lair:4   | Reached skill level 8 in Fighting
 23955 | Lair:5   | Found a staircase to the Swamp.
 24124 | Lair:5   | Gained mutation: You have somewhat slow reflexes. (-3 EV) [Ru sacrifice]
 25885 | Lair:5   | Reached skill level 9 in Fighting
 26957 | Lair:7   | Reached skill level 15 in Dodging
 27072 | Lair:7   | Gained mutation: Your tail ends in a poisonous barb. [Green Draconian growth]
 27072 | Lair:7   | Reached XP level 14. HP: 109/118 MP: 12/17
 27246 | Lair:7   | Gained mutation: You occasionally shout uncontrollably at your foes. [Ru sacrifice]
 27246 | Lair:7   | Acquired Ru's third power
 27280 | Lair:7   | Reached skill level 7 in Unarmed Combat
 27315 | Lair:7   | Reached skill level 10 in Fighting
 28239 | Lair:8   | Entered Level 8 of the Lair of Beasts
 28525 | Lair:1   | Identified a scroll of acquirement
 29141 | Lair:7   | Reached skill level 8 in Unarmed Combat
 29408 | Lair:8   | Reached skill level 11 in Fighting
 30381 | Lair:8   | Reached skill level 9 in Unarmed Combat
 31039 | Lair:8   | Reached skill level 12 in Fighting
 31157 | Lair:8   | Found a staircase to the Slime Pits.
 31412 | Lair:8   | Reached skill level 10 in Unarmed Combat
 31965 | Lair:8   | Reached XP level 15. HP: 134/134 MP: 7/18
 32609 | Lair:1   | Identified a +0 rod of inaccuracy (10/10) (You found it on level 8 of the Lair of Beasts)
 32716 | Orc:1    | Entered Level 1 of the Orcish Mines
 32772 | Orc:1    | Found Guily's Weapon Boutique.
 33142 | Orc:2    | Noticed Snorg
 33169 | Orc:2    | Killed Snorg
 33169 | Orc:2    | Reached skill level 13 in Fighting
 33246 | Orc:2    | Found a bloodstained altar of Trog.
 33251 | Orc:2    | Found a roughly hewn altar of Beogh.
 34127 | Orc:3    | Gained mutation: You are somewhat inexperienced (-2 XL). [Ru sacrifice]
 34127 | Orc:3    | Reached XP level 14. HP: 129/129 MP: 17/17
 34127 | Orc:3    | Reached XP level 13. HP: 122/122 MP: 16/16
 34127 | Orc:3    | Acquired Ru's fourth power
 34273 | Orc:3    | You fall through a shaft!
 34273 | Orc:4    | Entered Level 4 of the Orcish Mines
 34340 | Orc:4    | Reached skill level 11 in Unarmed Combat
 34426 | Orc:3    | Found a roughly hewn altar of Beogh.
 34977 | Orc:2    | Found a roughly hewn altar of Beogh.
 35440 | Orc:3    | Gained mutation: You are hated by all. [Ru sacrifice]
 35440 | Orc:3    | Acquired Ru's fifth power
 35594 | Orc:4    | Found a staircase to the Elven Halls.
 35712 | Orc:4    | Found a roughly hewn altar of Beogh.
 36014 | Orc:4    | Noticed an orc warlord
 36051 | Orc:4    | Killed an orc warlord
 36642 | Orc:4    | Reached skill level 14 in Fighting
 36669 | Orc:4    | Found Boqoesy's General Store.
 36886 | Orc:4    | Found Felif's Antique Weapon Shop.
 36941 | Orc:4    | Found Fuamm's Armour Emporium.
 36957 | Orc:4    | Found Kirch's General Store.
 37514 | D:12     | Reached skill level 12 in Unarmed Combat
 38016 | D:12     | Reached XP level 14. HP: 132/132 MP: 11/17
 38444 | D:13     | Noticed a six-headed hydra
 38449 | D:13     | Killed a six-headed hydra
 39060 | D:13     | Found a gate to the Vaults.
 39146 | D:13     | Noticed Azrael
 39259 | D:13     | Killed Azrael
 39794 | D:14     | Found a frozen archway.
 39890 | IceCv    | Entered an ice cave
 40450 | D:14     | Got a warped cloak
 40461 | D:14     | Identified the +0 cloak of Caiviapt {rF+} (You acquired it on level 14 of the Dungeon)
 40496 | D:14     | Reached skill level 15 in Fighting
 40744 | Lair:1   | Got a pair of faintly humming gloves
 40755 | Lair:1   | Identified the +0 pair of gloves of Freedom {rElec SInv} (You acquired it on level 1 of the Lair of Beasts)
 41248 | D:14     | Reached skill level 13 in Unarmed Combat
 41324 | D:15     | Entered Level 15 of the Dungeon
 42602 | D:15     | Noticed Ajdolov's ghost (powerful TrMo)
 42635 | D:15     | Killed Ajdolov's ghost
 42951 | D:15     | Found a staircase to the Depths.
 43099 | Depths:1 | Entered Level 1 of the Depths
 43138 | Depths:1 | Reached XP level 15. HP: 133/143 MP: 10/18
 43206 | Depths:1 | Noticed a frost giant
 43219 | Depths:1 | Killed a frost giant
 43276 | Depths:1 | Reached skill level 16 in Fighting
 43596 | Depths:1 | Noticed a lich
 43600 | Depths:1 | HP: 35/144 [lich/bolt of negative energy (43)]
 43626 | Depths:2 | Noticed an octopode crusher
 43679 | Depths:1 | HP: 24/144 [acid (16)]
 44516 | Elf:1    | Entered Level 1 of the Elven Halls
 44905 | Elf:1    | Reached skill level 14 in Unarmed Combat
 46561 | Elf:2    | Noticed Aizul
 46608 | Elf:2    | Killed Aizul
 46608 | Elf:2    | Reached skill level 17 in Fighting
 47308 | Elf:2    | Reached skill level 15 in Unarmed Combat
 47318 | Elf:2    | Found a huge runed gate.
 47318 | Elf:2    | Found a huge runed gate.
 47324 | Elf:2    | Found a huge runed gate.
 47325 | Elf:2    | Found a huge runed gate.
 47329 | Elf:2    | Found a huge runed gate.
 47364 | Elf:3    | Entered Level 3 of the Elven Halls
 47370 | Elf:3    | Found Wurisog's Armour Shop.
 47457 | Elf:3    | Found Heyxuvoj's Jewellery Shoppe.
 47546 | Elf:3    | Found Feluh's Antique Weapon Shoppe.
 47652 | Elf:3    | Reached XP level 16. HP: 152/155 MP: 10/19
 47912 | Elf:3    | Noticed a deep elf blademaster
 47923 | Elf:3    | Killed a deep elf blademaster
 47975 | Elf:3    | Found Xaptas's Antique Armour Emporium.
 48037 | Elf:3    | Got a clouded silver amulet
 48160 | Elf:3    | Bought a pair of brightly glowing boots for 313 gold pieces
 48161 | Elf:3    | Identified the amulet of Ydekhius {Gourm +Inv rPois Str+2} (You took it off a deep elf death mage on level 3 of the Elven Halls)
 48182 | Elf:3    | Identified the cursed +0 pair of boots "Qaqubisk" {rF- Dex+5} (You bought it in a shop on level 3 of the Elven Halls)
 48237 | Elf:3    | Found Hezu Uss's Food Boutique.
 48281 | Elf:3    | Noticed a deep elf master archer
 48308 | Elf:3    | HP: 31/157 [deep elf master archer/arrow of frost (27)]
 48736 | Elf:3    | Killed a deep elf master archer
 48736 | Elf:3    | Reached skill level 18 in Fighting
 48763 | Elf:3    | Noticed a deep elf master archer
 48768 | Elf:3    | Killed a deep elf master archer
 49004 | Elf:3    | Reached skill level 16 in Unarmed Combat
 49371 | Elf:3    | Noticed a deep elf blademaster
 49383 | Elf:3    | Killed a deep elf blademaster
 49711 | Elf:3    | Got an ancient lapis lazuli ring
 49725 | Elf:3    | Identified the ring of Malolui {MR+ Str+2 Slay+5} (You took it off a deep elf death mage on level 3 of the Elven Halls)
 49740 | Elf:3    | Got a heavily runed silver ring
 49910 | Elf:3    | Identified the ring "Xyaruagi" {+Blink rC+ rN+ SInv Stlth-} (You took it off a deep elf priest on level 3 of the Elven Halls)
 50083 | Elf:3    | Learned a level 3 spell: Ozocubu's Armour
 50118 | Elf:3    | Got a jewelled spear
 50532 | Lair:2   | Noticed an eight-headed hydra
 50538 | Lair:2   | Killed an eight-headed hydra
 50585 | Snake:1  | Entered Level 1 of the Snake Pit
 51020 | Snake:1  | HP: 39/159 [naga sharpshooter/arrow (27)]
 51602 | Snake:1  | Noticed cireshan's ghost (powerful DECj)
 51610 | Snake:1  | Killed cireshan's ghost
 51616 | Snake:1  | Reached XP level 17. HP: 91/166 MP: 8/20
 52060 | Snake:1  | Reached skill level 19 in Fighting
 52570 | Snake:1  | Gained mutation: You sometimes yell uncontrollably at your foes. [Ru sacrifice]
 53056 | Snake:2  | Reached skill level 17 in Unarmed Combat
 55313 | Snake:4  | Entered Level 4 of the Snake Pit
 55921 | Snake:3  | HP: 41/169 [black mamba (7)]
 56529 | Snake:4  | Reached skill level 20 in Fighting
 56749 | Snake:4  | Reached skill level 18 in Unarmed Combat
 57133 | Snake:4  | Reached XP level 18. HP: 176/178 MP: 16/21
 58468 | Snake:4  | Got a serpentine rune of Zot
 59684 | Elf:3    | Got a translucent trident
 59684 | Elf:3    | Got a twisted quarterstaff {drain}
 59685 | Elf:3    | Identified the +12 spear "Dugumejo" {pierce, +Blink} (You took it off a deep elf death mage on level 3 of the Elven Halls)
 59686 | Elf:3    | Identified the +5 trident of Havoc {drain, rF++ rN+ MR+ Str-3} (You took it off a deep elf mage on level 3 of the Elven Halls)
 59687 | Elf:3    | Identified the +2 quarterstaff of the Puffin {drain, rElec Int-5 Dex-4 Stlth+} (You took it off a deep elf death mage on level 3 of the Elven Halls)
 59717 | Elf:3    | Got a pitted long sword
 59718 | Elf:3    | Identified the +11 long sword of the Fool {slice, rC- Str+6} (You took it off a deep elf annihilator on level 3 of the Elven Halls)
 60079 | Vaults:1 | Entered Level 1 of the Vaults
 60079 | Vaults:1 | Found Lizxisheed's Assorted Antiques.
 60123 | Vaults:1 | Bought a hardcover book for 555 gold pieces
 60139 | Vaults:1 | Got a shimmering bone ring
 60141 | Vaults:1 | Identified the ring "Xares" {rN+ Str+3 Dex+4 Slay-5} (You found it on level 1 of the Vaults)
 60312 | Vaults:1 | Found Veyjongo's Magic Scroll Boutique.
 60313 | Vaults:1 | Found Qolota's Magic Scroll Boutique.
 60355 | Vaults:1 | Reached skill level 1 in Shields
 60665 | Vaults:1 | Reached skill level 2 in Shields
 60751 | Vaults:1 | Found Nitzuixt's Food Shoppe.
 60948 | Vaults:1 | Reached skill level 19 in Unarmed Combat
 60952 | Vaults:1 | Reached skill level 3 in Shields
 61331 | Vaults:1 | Found Wiogof's Magic Scroll Shoppe.
 61951 | Vaults:2 | Reached skill level 4 in Shields
 62230 | Vaults:2 | Reached skill level 5 in Shields
 62385 | Vaults:1 | Reached XP level 19. HP: 166/188 MP: 19/22
 62571 | Vaults:1 | Reached skill level 6 in Shields
 63328 | Vaults:2 | Reached skill level 1 in Charms
 63470 | Vaults:2 | Reached skill level 2 in Charms
 63554 | Vaults:2 | Reached skill level 3 in Charms
 63570 | Vaults:2 | HP: 45/188 [cyclops (29)]
 63579 | Vaults:2 | Noticed Sojobo
 63589 | Vaults:2 | HP: 45/188 [deep troll[an ironheart preserver] (9)]
 64012 | Vaults:2 | Killed Sojobo
 64012 | Vaults:2 | Reached skill level 4 in Charms
 64283 | Vaults:2 | Reached skill level 5 in Charms
 64927 | Vaults:2 | Noticed a lich
 64936 | Vaults:2 | Identified a +0 rod of clouds (9/9) {!a} (You took it off an ironheart preserver on level 2 of the Vaults)
 64947 | Vaults:2 | Killed a lich
 64947 | Vaults:2 | Reached skill level 6 in Charms
 64976 | Vaults:2 | Found a radiant altar of Vehumet.
 64990 | Vaults:2 | Got a twisted hat
 65001 | Vaults:2 | Identified the +0 hat of Vanity {rF+} (You found it on level 2 of the Vaults)
 65426 | Vaults:3 | Noticed Jorgrun
 65435 | Vaults:3 | Killed Jorgrun
 65699 | Vaults:3 | Reached skill level 7 in Charms
 65754 | Vaults:3 | HP: 31/188 [ogre/giant club[an ogre mage] (25)]
 66367 | Vaults:3 | Found a staircase to the Crypt.
 66389 | Vaults:3 | Reached skill level 16 in Dodging
 66389 | Vaults:3 | Reached XP level 20. HP: 171/195 MP: 20/23
 66593 | Vaults:3 | Reached skill level 8 in Charms
 67161 | Vaults:3 | Noticed Mara
 67167 | Vaults:3 | Killed Mara
 67365 | Vaults:3 | Found Vumargh's General Store.
 67585 | Vaults:3 | Reached skill level 9 in Charms
 67821 | Vaults:4 | HP: 48/195 [crystal guardian/crystal bolt (46)]
 67826 | Vaults:4 | HP: 40/195 [centaur warrior/arrow of dispersal (10)]
 67833 | Vaults:4 | Reached skill level 3 in Spellcasting
 67848 | Vaults:4 | Killed from afar by an ice dragon

Vault maps used:
D:1:      dpeg_arrival_lava_temple_mockup
D:2:      first_bread, serial_forest, infiniplex_forest_lined_room_2,
          infiniplex_forest_lined_2, infiniplex_forest_lined_2,
          infiniplex_forest_lined_2, infiniplex_forest_side_room,
          infiniplex_forest_lined_ring, nrook_mini_vaults,
          minmay_item_behind_shaft
D:3:      lemuel_coloured_pillars_altar, ecumenical_altar_1,
          minmay_strange_pillars, fedhas_altar_1
D:4:      lemuel_round_altar, serial_shops, nicolae_shop_behind_doors, shop,
          shop, nicolae_shop_crystal, nicolae_ossuary_entry_monument
D:5:      lemuel_zombie_altar_kikubaaqudgha, old_standard_altar, uniq_edmund,
          uniq_crazy_yiuf_cottage
D:6:      zin_purify, temple_pool_a, portal_sewer_entry_d, tgw_kikubaaqudgha
D:7:      forest_paths, nicolae_gozag_cash_rules_everything_around_me,
          serial_shops, shop
D:8:      the_bakery, minmay_hedge_maze, hangedman_minor_gate_pass, uniq_psyche
D:9:      nemelex_xobeh_ov_fountains_minmay, minmay_orc_entry_guard_dogs,
          kennysheep_generic_room_14, uniq_joseph
D:10:     special_room
D:11:     erik_lair_orcish_takeover, minmay_holes, minmay_misc_feat_nine_boxes,
          minivault_16, minmay_protected_statue, uniq_nergalle, uniq_erolcha
D:13:     david_vaults_1, uniq_azrael
D:14:     portal_ice_cave_entry_ice_beasts, kennysheep_crisscross
D:15:     hangedman_depths_entry_try_elsewhere_first, minmay_misc_feat_encased,
          st_stairs_2
Lair:1:   serial_forest, infiniplex_forest_straight_3,
          infiniplex_forest_corner_1, infiniplex_forest_clump_long,
          infiniplex_forest_clump_double, infiniplex_forest_end_3,
          infiniplex_forest_pool, infiniplex_forest_lined_4_way,
          serial_bayou_crossing
Lair:2:   nicolae_volcano_entry_lava_flow, uniq_erica
Lair:3:   minmay_snake_entry_guardpost_small, uniq_urug, uniq_gastronok
Lair:4:   lemuel_fruit_fields
Lair:5:   swamp_mist, minivault_23, grunt_megastairs_3
Lair:7:   eino_small_chamber_without_monster, infiniplex_staircase_pool,
          serial_bayou_shore_a, lemuel_fruit_fields
Lair:8:   grunt_lair_end_beastmaster, nicolae_slime_entry_slimehenge,
          special_room, st_stairs_3, minmay_lair_drake_nest
Snake:1:  serial_bayou_shore_b
Snake:3:  spider_trap, nrook_guardian_serpent_double
Snake:4:  grunt_snake_rune_pools
Orc:1:    serial_shops, shop_fountains
Orc:2:    special_room, basic_altar, trog_butcher_becter, uniq_snorg
Orc:3:    basic_altar, nicolae_orc_pool_cavern, nicolae_orc_stony_grotto,
          nicolae_orc_sculptors_studio, lemuel_statue_altar
Orc:4:    st_orc_elflike, basic_altar
Elf:1:    elf_arrival_001, hangedman_corner_corridor, minivault_14,
          corexii_leaking_fountain
Elf:2:    minmay_strange_pillars, st_stairs_8, uniq_aizul
Elf:3:    grunt_elf_hall_diamonds, serial_shops, nicolae_shop_crystal,
          nicolae_shop_window_shopping, shop, shop, shop
Vaults:1: nicolae_vaults_hallways_thing, v_alt_pattern_5,
          nicolae_vaults_yaktaur_gun_rack, serial_shops, shop, shop, shop,
          nicolae_shop_waterfront, shop
Vaults:2: nicolae_vaults_asterisk, nicolae_vaults_alarming,
          hangedman_vaults_corner_blocks, grunt_tower_of_power, v_pattern_3,
          vaults_mumra_minichess, hangedman_vaults_variations, v_rooms_1,
          nicolae_vaults_diagonal_hallway_9, v_alt_pattern_4,
          ontoclasm_vaults_decontamination, hangedman_vaults_snaps,
          ontoclasm_vaults_twist, ontoclasm_vaults_gateway, vaults_room_hallway,
          vaults_dpeg_encased_lava, nicolae_vaults_little_squares_4, uniq_sojobo
Vaults:3: hangedman_vaults_restitches, hangedman_vaults_stretched_pinwheel,
          v_rooms_2, vaults_mumra_hexcomb, minmay_crypt_entry_simple_statues,
          nicolae_vaults_sealed_display, v_misc_5, ontoclasm_vaults_spin,
          nicolae_vaults_little_squares_1, grunt_vaults_bifocal, v_misc_16,
          ontoclasm_vaults_misaligned, nicolae_vaults_rhombus_6,
          hangedman_vaults_corner_blocks, serial_shops,
          nicolae_shop_window_shopping, uniq_mara, uniq_jorgrun
Vaults:4: vaults_mumra_hex, v_misc_11, st_greater_box_5, vaults_room_corners,
          nicolae_vaults_angled_halls, nicolae_vaults_disjoint_gnomons,
          ontoclasm_vaults_bender, nicolae_vaults_little_squares_4,
          nicolae_vaults_little_squares_3, vaults_room_semicircle
Depths:1: minivault_14, rand_demon_pan_entry_1, hell_entry, roderic_lattice_a,
          st_stairs_8, minivault_15, kennysheep_just_a_vault, uniq_saint_roka
Depths:2: evilmike_halls_of_destruction, abyss_entry_flame_altar,
          kennysheep_small_spiral, pf_hell_entry_tar_spiral,
          kennysheep_random_hallway
Sewer:    sewer_kobolds
Ossuary:  ossuary_minmay_scorpions
IceCv:    ice_cave_statue_garden_02

Action                   |  1- 3 |  4- 6 |  7- 9 | 10-12 | 13-15 | 16-18 | 19-21 || total
-------------------------+-------+-------+-------+-------+-------+-------+-------++-------
Melee: Unarmed           |   112 |       |       |   289 |  1789 |   822 |   456 ||  3468
       Dagger            |    21 |   172 |   209 |       |       |       |       ||   402
       Quarterstaff      |       |       |    84 |   535 |    30 |    15 |       ||   664
       Long sword        |       |       |       |       |       |    78 |    27 ||   105
 Fire: Hunting sling     |    27 |    55 |   233 |    58 |   576 |   243 |    49 ||  1241
       Blowgun           |       |       |       |   155 |    81 |       |       ||   236
Throw: Stone             |    37 |     5 |    41 |    44 |     5 |       |       ||   132
 Cast: Beastly Appendage |    27 |    19 |    25 |    40 |    11 |       |       ||   122
       Ice Form          |       |       |       |    26 |    25 |     1 |       ||    52
       Blade Hands       |       |       |       |     6 |   212 |   119 |    36 ||   373
       Ozocubu's Armour  |       |       |       |       |       |       |     1 ||     1
Invok: Sacrifice Stealth |       |       |     1 |       |       |       |       ||     1
       Sacrifice Arcana  |       |       |       |     1 |       |       |       ||     1
       Power Leap        |       |       |       |       |     6 |     1 |       ||     7
       Draw Out Power    |       |       |       |       |     6 |     4 |     4 ||    14
       Apocalypse        |       |       |       |       |     2 |     5 |     2 ||     9
       Sacrifice Health  |       |       |       |       |     1 |       |       ||     1
       Sacrifice Love    |       |       |       |       |     1 |       |       ||     1
       Sacrifice Experie |       |       |       |       |     1 |       |       ||     1
       Reject Sacrifices |       |       |       |       |     3 |       |       ||     3
       Sacrifice Purity  |       |       |       |       |     1 |     1 |       ||     2
 Abil: Breathe Noxious F |       |       |    71 |   106 |   159 |    25 |    15 ||   376
       End Transformatio |       |       |       |    10 |    21 |     4 |       ||    35
Evoke: Wand              |       |       |       |       |       |     3 |       ||     3
       Rod               |       |       |       |       |       |       |     1 ||     1
  Use: Potion            |     3 |     1 |     3 |     7 |     2 |     7 |     2 ||    25
       Scroll            |       |       |     1 |    13 |    21 |     9 |     5 ||    49
 Stab: Confused          |       |       |    15 |    58 |    65 |     7 |    16 ||   161
       Petrified         |       |       |     1 |       |       |       |       ||     1
       Paralysed         |       |       |       |     8 |     5 |    18 |     5 ||    36
       Petrifying        |       |       |       |     2 |       |       |       ||     2
       Distracted        |       |       |       |       |     9 |     6 |     2 ||    17
       Invisible         |       |       |       |       |     7 |    17 |     5 ||    29
  Eat: Chunk             |     4 |     3 |    25 |    88 |   199 |    77 |    32 ||   428
       Beef jerky        |     1 |       |       |     1 |       |       |       ||     2
       Meat ration       |       |     1 |     1 |       |       |     2 |       ||     4
       Royal jelly       |       |       |     1 |       |       |       |       ||     1
       Fruit             |       |       |       |       |       |     4 |       ||     4
       Bread ration      |       |       |       |       |       |     2 |       ||     2

Vault maps used:
D:1:      dpeg_arrival_lava_temple_mockup
D:2:      first_bread, serial_forest, infiniplex_forest_lined_room_2,
          infiniplex_forest_lined_2, infiniplex_forest_lined_2,
          infiniplex_forest_lined_2, infiniplex_forest_side_room,
          infiniplex_forest_lined_ring, nrook_mini_vaults,
          minmay_item_behind_shaft
D:3:      lemuel_coloured_pillars_altar, ecumenical_altar_1,
          minmay_strange_pillars, fedhas_altar_1
D:4:      lemuel_round_altar, serial_shops, nicolae_shop_behind_doors, shop,
          shop, nicolae_shop_crystal, nicolae_ossuary_entry_monument
D:5:      lemuel_zombie_altar_kikubaaqudgha, old_standard_altar, uniq_edmund,
          uniq_crazy_yiuf_cottage
D:6:      zin_purify, temple_pool_a, portal_sewer_entry_d, tgw_kikubaaqudgha
D:7:      forest_paths, nicolae_gozag_cash_rules_everything_around_me,
          serial_shops, shop
D:8:      the_bakery, minmay_hedge_maze, hangedman_minor_gate_pass, uniq_psyche
D:9:      nemelex_xobeh_ov_fountains_minmay, minmay_orc_entry_guard_dogs,
          kennysheep_generic_room_14, uniq_joseph
D:10:     special_room
D:11:     erik_lair_orcish_takeover, minmay_holes, minmay_misc_feat_nine_boxes,
          minivault_16, minmay_protected_statue, uniq_nergalle, uniq_erolcha
D:13:     david_vaults_1, uniq_azrael
D:14:     portal_ice_cave_entry_ice_beasts, kennysheep_crisscross
D:15:     hangedman_depths_entry_try_elsewhere_first, minmay_misc_feat_encased,
          st_stairs_2
Lair:1:   serial_forest, infiniplex_forest_straight_3,
          infiniplex_forest_corner_1, infiniplex_forest_clump_long,
          infiniplex_forest_clump_double, infiniplex_forest_end_3,
          infiniplex_forest_pool, infiniplex_forest_lined_4_way,
          serial_bayou_crossing
Lair:2:   nicolae_volcano_entry_lava_flow, uniq_erica
Lair:3:   minmay_snake_entry_guardpost_small, uniq_urug, uniq_gastronok
Lair:4:   lemuel_fruit_fields
Lair:5:   swamp_mist, minivault_23, grunt_megastairs_3
Lair:7:   eino_small_chamber_without_monster, infiniplex_staircase_pool,
          serial_bayou_shore_a, lemuel_fruit_fields
Lair:8:   grunt_lair_end_beastmaster, nicolae_slime_entry_slimehenge,
          special_room, st_stairs_3, minmay_lair_drake_nest
Snake:1:  serial_bayou_shore_b
Snake:3:  spider_trap, nrook_guardian_serpent_double
Snake:4:  grunt_snake_rune_pools
Orc:1:    serial_shops, shop_fountains
Orc:2:    special_room, basic_altar, trog_butcher_becter, uniq_snorg
Orc:3:    basic_altar, nicolae_orc_pool_cavern, nicolae_orc_stony_grotto,
          nicolae_orc_sculptors_studio, lemuel_statue_altar
Orc:4:    st_orc_elflike, basic_altar
Elf:1:    elf_arrival_001, hangedman_corner_corridor, minivault_14,
          corexii_leaking_fountain
Elf:2:    minmay_strange_pillars, st_stairs_8, uniq_aizul
Elf:3:    grunt_elf_hall_diamonds, serial_shops, nicolae_shop_crystal,
          nicolae_shop_window_shopping, shop, shop, shop
Vaults:1: nicolae_vaults_hallways_thing, v_alt_pattern_5,
          nicolae_vaults_yaktaur_gun_rack, serial_shops, shop, shop, shop,
          nicolae_shop_waterfront, shop
Vaults:2: nicolae_vaults_asterisk, nicolae_vaults_alarming,
          hangedman_vaults_corner_blocks, grunt_tower_of_power, v_pattern_3,
          vaults_mumra_minichess, hangedman_vaults_variations, v_rooms_1,
          nicolae_vaults_diagonal_hallway_9, v_alt_pattern_4,
          ontoclasm_vaults_decontamination, hangedman_vaults_snaps,
          ontoclasm_vaults_twist, ontoclasm_vaults_gateway, vaults_room_hallway,
          vaults_dpeg_encased_lava, nicolae_vaults_little_squares_4, uniq_sojobo
Vaults:3: hangedman_vaults_restitches, hangedman_vaults_stretched_pinwheel,
          v_rooms_2, vaults_mumra_hexcomb, minmay_crypt_entry_simple_statues,
          nicolae_vaults_sealed_display, v_misc_5, ontoclasm_vaults_spin,
          nicolae_vaults_little_squares_1, grunt_vaults_bifocal, v_misc_16,
          ontoclasm_vaults_misaligned, nicolae_vaults_rhombus_6,
          hangedman_vaults_corner_blocks, serial_shops,
          nicolae_shop_window_shopping, uniq_mara, uniq_jorgrun
Vaults:4: vaults_mumra_hex, v_misc_11, st_greater_box_5, vaults_room_corners,
          nicolae_vaults_angled_halls, nicolae_vaults_disjoint_gnomons,
          ontoclasm_vaults_bender, nicolae_vaults_little_squares_4,
          nicolae_vaults_little_squares_3, vaults_room_semicircle
Depths:1: minivault_14, rand_demon_pan_entry_1, hell_entry, roderic_lattice_a,
          st_stairs_8, minivault_15, kennysheep_just_a_vault, uniq_saint_roka
Depths:2: evilmike_halls_of_destruction, abyss_entry_flame_altar,
          kennysheep_small_spiral, pf_hell_entry_tar_spiral,
          kennysheep_random_hallway
Sewer:    sewer_kobolds
Ossuary:  ossuary_minmay_scorpions
IceCv:    ice_cave_statue_garden_02

Table legend:
 A = Turns spent in this place as a percentage of turns spent in the entire game.
 B = Non-inter-level travel turns spent in this place as a percentage of non-inter-level travel turns spent in the entire game.
 C = Inter-level travel turns spent in this place as a percentage of turns spent in this place.
 D = Turns resting spent in this place as a percentage of non-inter-level travel turns spent in this place.
 E = Turns spent auto-exploring this place as a percentage of non-inter-level travel turns spent in this place.
 F = Non-inter-level travel turns spent in this place divided by the number of levels of this place that you've seen.
                   A       B       C       D       E      F
               +-------+-------+-------+-------+-------+----------------------
         Total | 100.0 | 100.0 |   0.7 |   4.4 |   5.2 | 538.4
       Dungeon |  28.2 |  28.2 |   0.7 |   4.1 |   6.4 | 435.1
          Lair |  23.8 |  23.7 |   1.1 |   6.4 |   4.5 | 685.1
     Snake Pit |  10.8 |  10.8 |   0.9 |   5.7 |   3.8 | 626.2
  Orcish Mines |   9.0 |   9.0 |   0.9 |   1.1 |   7.3 | 521.8
   Elven Halls |  11.8 |  11.8 |   0.3 |   2.6 |   2.8 | 912.0
        Vaults |  11.1 |  11.1 |   0.3 |   2.5 |   5.3 | 643.8
        Depths |   1.1 |   1.1 |   0.0 |   3.0 |   6.1 | 131.5
         Sewer |   0.6 |   0.6 |   0.0 |   4.3 |   5.0 | 140.0
       Ossuary |   2.8 |   2.8 |   0.0 |  10.1 |   6.4 | 653.0
      Ice Cave |   0.8 |   0.8 |   0.0 |   9.2 |   0.0 | 184.0
               +-------+-------+-------+-------+-------+----------------------

Table legend:
 A = Kills in this place as a percentage of kills in entire the game.
 B = Kills by you in this place as a percentage of kills by you in the entire game.
 C = Kills by friends in this place as a percentage of kills by friends in the entire game.
 D = Other kills in this place as a percentage of other kills in the entire game.
 E = Experience gained in this place as a percentage of experience gained in the entire game.
 F = Experience gained in this place divided by the number of levels of this place that you have seen.
                   A       B       C       D       E      F
               +-------+-------+-------+-------+-------+----------------------
         Total | 100.0 | 100.0 | 100.0 | 100.0 | 100.0 | 13566.8
       Dungeon |  25.1 |  24.7 |  80.0 |  32.3 |   9.9 | 3845.1
          Lair |  18.2 |  18.5 |   0.0 |   9.7 |  15.1 | 10990.0
     Snake Pit |  11.9 |  12.0 |   0.0 |   9.7 |  20.8 | 30275.5
  Orcish Mines |  14.3 |  14.2 |   0.0 |  19.4 |   4.1 | 5920.8
   Elven Halls |   7.1 |   7.4 |   0.0 |   0.0 |  16.0 | 31142.7
        Vaults |  19.6 |  19.4 |  20.0 |  25.8 |  32.0 | 46620.0
        Depths |   0.9 |   0.9 |   0.0 |   1.6 |   1.5 | 4512.0
         Sewer |   0.6 |   0.6 |   0.0 |   1.6 |   0.0 | 147.0
       Ossuary |   1.8 |   1.9 |   0.0 |   0.0 |   0.2 | 1075.0
      Ice Cave |   0.5 |   0.5 |   0.0 |   0.0 |   0.5 | 2836.0
               +-------+-------+-------+-------+-------+----------------------
